 Seeded DCSS version 0.29-a0-356-g7bc237e783 (webtiles) character file.

Game seed: 1160591979597429693 (custom seed)

86 NinjaNoafa the Bolt Thrower (level 4, -1/36 HPs)
             Began as a Minotaur Hunter on Apr 26, 2022.
             Slain by a gnoll
             ... wielding a +0 whip
              (3 damage)
             ... on level 3 of the Dungeon.
             The game lasted 00:03:04 (1948 turns).

NinjaNoafa the Bolt Thrower (Minotaur Hunter)       Turns: 1948, Time: 00:03:05

Health: -1/36      AC:  4    Str: 15    XL:     4   Next: 26%
Magic:  3/3        EV: 13    Int:  6    God:
Gold:   122        SH:  0    Dex: 16    Spells: 3/3 levels left

rFire   . . .      SeeInvis .   a - +1 hand crossbow
rCold   . . .      Faith    .   (no shield)
rNeg    . . .      Spirit   .   b - +0 leather armour
rPois   .          Reflect  .   (helmet restricted)
rElec   .          Harm     .   (no cloak)
rCorr   .          Rampage  .   d - +0 pair of gloves
Will    .....                   (no boots)
Stlth   +.........              (no amulet)
HPRegen 0.12/turn               (no ring)
MPRegen 0.08/turn               (no ring)

@: flying
A: horns 2, retaliatory headbutt, hooves 1, frail 1
a: no special abilities


You were on level 3 of the Dungeon.
You visited 1 branch of the dungeon, and saw 3 of its levels.

You collected 122 gold pieces.

Inventory:

Hand Weapons
 a - a +1 hand crossbow (weapon)
 h - a +0 short sword
Armour
 b - a +0 leather armour (worn)
 d - a +0 pair of gloves (worn)
Scrolls
 c - a scroll of immolation
 m - a scroll of enchant weapon


   Skills:
 + Level 3.7 Fighting
 + Level 5.1 Crossbows
 + Level 3.3 Dodging
 - Level 0.7 Stealth


You had 3 spell levels left.
You didn't know any spells.
Your spell library was empty.

Dungeon Overview and Level Annotations

Branches:
Dungeon (3/15)

Altars:
Yredelemnul

Shops:
D:2 *=:**


Innate Abilities, Weirdness & Mutations

You have a pair of horns on your head.
You reflexively headbutt those who attack you in melee.
You have large cloven feet.
You are frail. (-10% HP)


Message History

The gnoll barely misses you.
It was a potion of flight.
You feel very buoyant.
You fly up into the air.
The gnoll hits you from afar with a +3 halberd of protection!
It was a potion of curing.
You feel better. The gnoll barely misses you.
The gnoll hits you with a +0 whip.
You shoot a bolt. The bolt hits the gnoll.
The gnoll is lightly wounded.
The gnoll hits you but does no damage. The gnoll barely misses you.
You shoot a bolt. The bolt barely misses the gnoll.
The gnoll closely misses you. x2
You shoot a bolt. The bolt closely misses the gnoll.
The bolt hits the gnoll!
The gnoll is severely wounded.
The gnoll barely misses you.
You shoot a bolt.
The bolt hits the gnoll but does no damage.
The gnoll is severely wounded.
The gnoll hits you from afar with a +3 halberd of protection.
The gnoll closely misses you. x2; You furiously retaliate!
You headbutt the gnoll, but do no damage.
The gnoll misses you. The gnoll hits you with a +0 flail.
The gnoll closely misses you. The gnoll attacks as you move away!
The gnoll hits you with a +0 whip.
Things that are here:
a +0 dagger; an orc corpse
Okay, then.
The gnoll attacks as you move away! The gnoll hits you but does no damage.
The gnoll attacks as you move away! The gnoll hits you with a +0 whip.
* * * LOW HITPOINT WARNING * * *
The gnoll attacks as you move away! The gnoll closely misses you.
The gnoll attacks as you move away! The gnoll hits you with a +0 whip!
* * * LOW HITPOINT WARNING * * *
As you read the scroll labelled MUKKI LAAGAVY, it crumbles to dust.
You speak a Word of immense power!
It was a scroll of holy word.
As you read the scroll labelled TANAKHL WAIMECU, it crumbles to dust.
It is a scroll of identify.
m - a scroll of enchant weapon The gnoll hits you with a +0 whip.
You die...

$.# #.# ###..
####... ##
#####....###$..#
##
......)....?.⌠..
###... #$.$†###
###....
####...## ##...#
#.# ###).# #g@#
#.# #.##g###g##
#.# #.##..#.g#
#.# #<###g#.##
#.# ##.# #.#.#
#.# #..# #...#
##.# #.## ##.##
#..####.#####.#
............#.#


You could see 3 gnolls.

Vanquished Creatures
  2 adders (D:2)
  A worm (D:3)
  2 dart slugs
  An orc (D:3)
  5 ball pythons
  2 bat zombies (D:2)
  9 endoplasms
  2 giant cockroaches
  6 goblins
  4 hobgoblins (D:1)
  2 kobolds (D:2)
  3 quokkas
  4 bats (D:1)
  6 frilled lizards
  A quokka zombie (D:2)
  7 rats
57 creatures vanquished.

Notes
Turn   | Place    | Note
-------+----------+-------------------------------------------
     0 | D:1      | NinjaNoafa the Minotaur Hunter began the quest for the Orb.
     0 | D:1      | Reached XP level 1. HP: 18/18 MP: 0/0
   161 | D:1      | Reached XP level 2. HP: 25/25 MP: 1/1
   473 | D:1      | You fall into a shaft and drop 1 floor!
   599 | D:2      | Reached XP level 3. HP: 31/31 MP: 2/2
   606 | D:2      | Found Lahiunix's Assorted Antiques.
  1155 | D:2      | Reached skill level 5 in Crossbows
  1317 | D:2      | Reached XP level 4. HP: 32/38 MP: 3/3
  1568 | D:2      | Found Baipek Fueck's Assorted Antiques.
  1585 | D:2      | Found Loqei's Book Emporium.
  1644 | D:2      | Found Totonoir's General Store.
  1710 | D:2      | Found Iffoosh's Jewellery Shop.
  1827 | D:3      | Found a basalt altar of Yredelemnul.
  1928 | D:3      | Gained mutation: You are frail. (-10% HP) [potion of
                  | mutation]
  1928 | D:3      | Gained mutation: You have large cloven feet. [potion of
                  | mutation]
  1946 | D:3      | HP: 1/36 [gnoll/+0 whip (7)]
  1948 | D:3      | Slain by a gnoll

Illustrated notes

Levels and vault maps discovered:
D:1:      minmay_arrival_split_and_join, layout_basic
D:2:      minmay_spotlight, layout_rooms, serial_undead, serial_undead_e,
          serial_undead_d, serial_undead_c, serial_undead_e, serial_shops,
          nicolae_shop_advertising_works [nicolae_subvault_shop_adworks],
          nicolae_square_shop, nicolae_lakefront_shop, shop, shop,
          nicolae_figureground_pulse
D:3:      minmay_general_purpose_star, layout_loops_ring,
          yredelemnul_altar_generic, minmay_diced_spiral

Skill      XL: |  1  2  3 |
---------------+----------+-----
Fighting       | 3 |  3.7
Dodging        | 3 |  3.3
Crossbows      | 5 |  5.1
Stealth        | |  0.7

Action                   |  1- 3 |  4- 6 || total
-------------------------+-------+-------++-------
 Fire: Hand crossbow     |   113 |    36 ||   149
  Use: Potion            |       |     5 ||     5
       Scroll            |       |     2 ||     2
Armor: Leather armour    |    23 |     4 ||    27
       Skin              |       |     1 ||     1
Dodge: Dodged            |    33 |    13 ||    46

Table legend: (Time is in decaauts)
 A = Elapsed time spent in this place.
 B = Non-inter-level travel time spent in this place.
 C = Inter-level travel time spent in this place.
 D = Time resting spent in this place.
 E = Time spent auto-exploring this place.
 F = Levels seen in this place.
 G = Mean time per level.
                   A        B        C        D        E       F      G
               +--------+--------+--------+--------+--------+-----+--------+
         Total |   1992 |   1958 |     34 |      0 |   1624 |   3 |  664.0 |
       Dungeon |   1992 |   1958 |     34 |      0 |   1624 |   3 |  664.0 |
               +--------+--------+--------+--------+--------+-----+--------+

Top non-repeatable levels by time:
     D:1: 987 daAuts
     D:2: 855 daAuts
     D:3: 149 daAuts
